 Dungeon Crawl Stone Soup version 0.32-a0-841-g4648e6c457 (webtiles) character file.

Game seed: 2525201209057300759

234 tilp the Vexing (level 5, -5/38 HPs)
             Began as a Vampire Enchanter on Mar 26, 2024.
             Killed by divine providence
             ... invoked by an orc priest
              (13 damage)
             ... on level 3 of the Dungeon.
             The game lasted 00:03:44 (2902 turns).

tilp the Vexing (Vampire Enchanter)                 Turns: 2902, Time: 00:03:45

Health: -5/38      AC:  3    Str:  7    XL:     5   Next: 75%
Magic:  2/8        EV: 11    Int: 20    God:
Gold:   119        SH:  0    Dex: 14    Spells: 1/9 levels left

rFire   . . .        a - +1 dagger
rCold   . . .        (no shield)
rNeg    . . .        e - +0 leather armour
rPois   .            (no helmet)
rElec   .            (no cloak)
rCorr   .            (no gloves)
SInv    +            (no boots)
Will    .....        (no amulet)
Stlth   +++          r - ring of wizardry
HPRegen 0.46/turn    (no ring)
MPRegen 0.11/turn

%: wizardry (x1)
@: healing quickly
A: alive, fangs 3, see invisible, vampiric 2
a: Exsanguinate, Convert to Beogh


You were on level 3 of the Dungeon.
You visited 1 branch of the dungeon, and saw 3 of its levels.

You collected 119 gold pieces.

Inventory:

Hand Weapons
 a - a +1 dagger (weapon)
Missiles
 g - 6 poisoned darts (quivered)
 t - 7 boomerangs
Armour
 b - a +0 robe
 e - a +0 leather armour (worn)
Jewellery
 r - a ring of wizardry (left hand)
Scrolls
 h - 2 scrolls of identify {unknown}
 i - a scroll of teleportation {unknown}
 j - a scroll of summoning {unknown}
 k - a scroll of enchant armour {unknown}
 l - a scroll of enchant weapon {unknown}
 m - 2 scrolls of poison {unknown}
 p - a scroll of vulnerability {unknown}
 q - 2 scrolls of amnesia {unknown}
 u - a scroll of fog {unknown}
 v - a scroll of blinking {unknown}
Potions
 c - 2 potions of invisibility
 d - a potion of degeneration {unknown}
 f - a potion of brilliance {unknown}
 n - 2 potions of curing {unknown}
 o - 3 potions of haste {unknown}
 s - a potion of magic {unknown}
 w - a potion of might {unknown}
 x - a potion of heal wounds {unknown}


   Skills:
 * Level 2.0 Fighting
 + Level 2.1(2.7) Short Blades
 * Level 2.2(2.6) Long Blades
 + Level 2.9 Dodging
 + Level 5.3 Stealth
 + Level 2.5 Spellcasting
 * Level 5.7 Hexes


You had one spell level left.
You knew the following spells:

 Your Spells              Type           Power      Damage    Failure   Level
a - Ensorcelled Hibernat  Hex/Ice        28%        N/A       4%          2
b - Confusing Touch       Hex            25%        N/A       2%          3
c - Tukima's Dance        Hex            25%        N/A       2%          3

Your spell library contained the following spells:

 Spells                   Type           Power      Damage    Failure   Level
 Dazzling Flash           Conj/Hex       28%        N/A       9%          3


Dungeon Overview and Level Annotations

Branches:
Dungeon (3/15)

Altars:


Innate Abilities, Weirdness & Mutations

Your natural rate of healing is accelerated.
You have razor-sharp teeth.
You have supernaturally acute eyesight. (SInv)
You are afflicted with vampirism and can become a bat while bloodless.


Message History

You kill the orc!
Casting: Ensorcelled Hibernation (safe; 4% risk of failure)
Confirm with . or Enter, or press ? or * to list all spells.
Aiming: Ensorcelled Hibernation (safe; 4% risk of failure)
Press: ? - help, Shift-Dir - straight line, f - orc wizard
Aim: an orc wizard, wielding a +0 dagger and wearing a +0 robe (slightly transparent, chance to affect: 48%)
The orc wizard looks drowsy...
Unknown command.
The orc priest hits you from afar with a +0 trident.
The orc wizard shouts!
Things that are here:
a +0 hand axe; a +0 chain mail; an orc corpse You barely miss the orc wizard.
The orc priest barely misses you.
The orc wizard hits you with a +0 dagger.
Unknown command.
Casting: Ensorcelled Hibernation (safe; 4% risk of failure)
Confirm with . or Enter, or press ? or * to list all spells.
Your hands begin to glow red.
The orc priest closely misses you.
The orc wizard hits you with a +0 dagger.
Unknown command.
You barely miss the orc wizard.
The orc priest hits you from afar with a +0 trident!
The orc wizard closely misses you.
The orc priest shouts, "The Pantheon deserves no one's loyalty.
Let us show you the true path!" (press Y on the ability menu to convert to Beogh)
The orc priest threatens, "Beogh's wrath is as vast as their mercy.
Make your choice!"
You hit the orc wizard but do no damage.
The orc wizard appears confused.
You bite the orc wizard.
The orc wizard is lightly wounded.
The orc wizard hits you with a +0 dagger.
The orc priest misses you.
The orc wizard barely misses the orc priest.
The orc wizard hits itself but does no damage.
The orc priest mumbles some strange prayers to Beogh against you.
Beogh smites you!
* * * LOW HITPOINT WARNING * * *
The orc wizard hits the orc priest but does no damage.
The orc priest calls down the wrath of Beogh upon you.
Beogh smites you!
You die...

#......#.........................
#.######...........##.#.###.#.##.
#.....................#.#.....##.
#.†................####.#.#.#.###
#.....†.....................#.###
...................####.#.#.#....
....)...........).......#.#.#.###
................#########.#.#....
............##..@...........##.#.
..........#.....#########.#.##.#.
.....#.#..##.......######.#.##.#.
...............................#.
####.#.##.####.#...##...#.######.
#.#.#..# #o#..÷........# #.
####......# #)#....####...#####.
#.........####o####..........<...
#.####.#..##..o####..###.........


You could see an orc priest and an orc wizard (invisible, confused).

Vanquished Creatures
  A phantom (D:3)
  Jessica (D:3)
  Natasha (D:3)
  An orc wizard (D:3)
  3 adders
  A ribbon worm (D:3)
  6 orcs (D:3)
  3 endoplasms (D:3)
  2 giant cockroaches
  2 goblins (D:2)
  4 hobgoblins
  5 quokkas
  6 ball pythons
  5 bats
  2 frilled lizards
  4 kobolds
  2 rats (D:1)
49 creatures vanquished.

Notes
Turn   | Place    | Note
-------+----------+-------------------------------------------
     0 | D:1      | tilp the Vampire Enchanter began the quest for the Orb.
     0 | D:1      | Reached XP level 1. HP: 13/13 MP: 3/3
   271 | D:1      | Reached XP level 2. HP: 17/20 MP: 5/5
   420 | D:1      | Learned a level 2 spell: Ensorcelled Hibernation
   729 | D:2      | Reached skill level 1 in Fighting
   807 | D:2      | Gained mutation: You are afflicted with vampirism and can
                  | become a bat while bloodless. [Vampire growth]
   807 | D:2      | Reached XP level 3. HP: 26/26 MP: 3/6
   811 | D:2      | Learned a level 3 spell: Confusing Touch
   852 | D:2      | Reached skill level 1 in Long Blades
  1538 | D:2      | Found a faded altar of an unknown god.
  1807 | D:3      | Reached skill level 5 in Hexes
  1807 | D:3      | Reached XP level 4. HP: 24/32 MP: 0/7
  2483 | D:3      | Noticed Jessica
  2485 | D:3      | Killed Jessica
  2486 | D:3      | Reached skill level 5 in Stealth
  2569 | D:3      | Noticed a phantom
  2588 | D:3      | Killed a phantom
  2589 | D:3      | Reached XP level 5. HP: 29/38 MP: 5/8
  2593 | D:3      | Learned a level 3 spell: Tukima's Dance
  2702 | D:3      | Noticed Natasha
  2711 | D:3      | Killed Natasha
  2902 | D:3      | Killed from afar by an orc priest

Illustrated notes

Levels and vault maps discovered:
D:1:      scummos_arrival_simple_crosswalls, layout_basic,
          minmay_misc_feat_plants, st_stairs_12
D:2:      layout_loops_corners, chequers_ecumenical_altar_simple
D:3:      layout_basic, uniq_jessica, uniq_natasha, uniq_terence

Skill      XL: |  1  2  3  4  5 |
---------------+----------------+-----
Fighting       | 1 2 |  2.0
Long Blades    | 1 2 |  2.2
Hexes          | 5 |  5.7
Stealth        | 5 |  5.3
Short Blades   | 2 |  2.1
Dodging        | |  2.9
Spellcasting   | |  2.5

Action                     |  1- 3 |  4- 6 || total
---------------------------+-------+-------++-------
  Melee: Dagger            |    62 |    61 ||   123
         Bite              |     3 |     9 ||    12
   Cast: Ensorcelled Hiber |    12 |    18 ||    30
         Confusing Touch   |       |     2 ||     2
   Stab: Sleeping          |    18 |    11 ||    29
         Confused          |       |     2 ||     2
 Armour: Leather armour    |    22 |    34 ||    56
  Dodge: Dodged            |    28 |    26 ||    54

Table legend: (Time is in decaauts)
 A = Elapsed time spent in this place.
 B = Non-inter-level travel time spent in this place.
 C = Inter-level travel time spent in this place.
 D = Time resting spent in this place.
 E = Time spent auto-exploring this place.
 F = Levels seen in this place.
 G = Mean time per level.
                   A        B        C        D        E       F      G
               +--------+--------+--------+--------+--------+-----+--------+
         Total |   2890 |   2806 |     84 |    263 |   2096 |   3 |  963.3 |
       Dungeon |   2890 |   2806 |     84 |    263 |   2096 |   3 |  963.3 |
               +--------+--------+--------+--------+--------+-----+--------+

Top non-repeatable levels by time:
     D:3: 1147 daAuts
     D:2: 1069 daAuts
     D:1: 673 daAuts
